 Dungeon Crawl Stone Soup version 0.18-a0-1577-gf591c28 (webtiles) character file.

623 M4edhros the Covert (level 7, -1/43 HPs)
             Began as an Octopode Artificer on Mar 23, 2016.
             Slain by an orc
             ... wielding a +0 short sword
              (5 damage)
             ... on level 5 of the Dungeon on Mar 24, 2016.
             The game lasted 00:13:10 (4678 turns).

M4edhros the Covert (Octopode Artificer)            Turns: 4678, Time: 00:13:11

Health: -1/43      AC:  1    Str: 11      XL:     7   Next: 47%
Magic:  9/9        EV: 13    Int: 12 (14) God:    Xom [...*..]
Gold:   158        SH:  0    Dex: 11 (14) Spells: 0 memorised, 6 levels left

rFire  + . .     SeeInvis .     s - +0 halberd
rCold  . . .     Gourm    .     (shield currently unavailable)
rNeg   . . .     Faith    .     (helmet restricted)
rPois  .         Spirit   .     (no amulet)
rElec  .         Dismiss  .     e - ring of protection from fire
rCorr  .         Reflect  .     (no ring)
SustAt .         Harm     .     (no ring)
MR     .....                    (no ring)
Stlth  ++++++....               (no ring)
                                (no ring)
                                (no ring)
                                (no ring)

@: very slightly contaminated, hasted, very quick, not resistant to hostile
enchantments, very stealthy
A: almost no armour, amphibious, 8 rings, constrict 8, camouflage 1, screaming
1, slow regeneration 1, gelatinous body 1
a: Renounce Religion


You were on level 5 of the Dungeon.
You worshipped Xom.
You were a favourite toy of Xom.
You were very hungry.

You visited 1 branch of the dungeon, and saw 5 of its levels.

You collected 158 gold pieces.

Inventory:

Hand Weapons
 a - a +0 short sword
 s - a +0 halberd (weapon)
Missiles
 j - 35 sling bullets
 k - 144 stones (quivered)
 x - 4 curare-tipped needles
Jewellery
 e - a ring of protection from fire (left tentacle)
Wands
 b - a wand of flame (6/48)
 c - a wand of enslavement (1/24)
 d - a wand of random effects (10/48)
 m - a wand of lightning (5/15)
Scrolls
 i - 5 scrolls of teleportation
 p - a scroll of enchant weapon
 q - a scroll of remove curse {unknown}
 r - 2 scrolls of blinking
 t - a scroll of fog
 u - a scroll of immolation {unknown}
 v - 2 scrolls of recharging
Potions
 h - a potion of ambrosia
 n - a potion of degeneration
Comestibles
 f - 3 bread rations
 g - 3 beef jerkies
 o - a meat ration


   Skills:
 - Level 1.0 Fighting
 - Level 1.0 Short Blades
 + Level 4.8 Dodging
 * Level 9.2 Stealth
 - Level 3.2 Evocations


You had 6 spell levels left.
You didn't know any spells.

Dungeon Overview and Level Annotations

Branches:
Dungeon (5/15)
 Temple: D:4-7

Altars:
Pakellas
Xom
The Shining One

Shops:
D:2 }

Annotations:
D:4 Vojta's ghost, amateur HEWz
D:5 Eustachio


Innate Abilities, Weirdness & Mutations

You cannot wear most types of armour.
You are amphibious.
You can wear up to eight rings at the same time.
You can use your tentacles to constrict eight enemies at once.
Your skin changes colour to match your surroundings (Stealth).
Your rubbery body absorbs attacks (AC +1).
You occasionally shout uncontrollably at your foes.
You regenerate slowly when monsters are visible.


Message History

The orc barely misses you. The orc wizard closely misses you.
Unknown command.
Unknown command.
You slash the orc wizard!
You kill the orc wizard!
You feel your strength returning. The orc barely misses you.
Unknown command.
Unknown command.
What do you say? t - Shout!
Orders for allies: a - Attack new target. r - Retreat! s - Stop attacking. w - Wait here. f - Follow me.
Anything else - Stay silent.
Wait here!
You hear a shout! x4
The orc hits you with a short sword.
You die... "What!?
That's it?"

#. #.#.##........
#.# #..§§§........
#.# ##.§§#........
#.####..§#..o.....
#......o!§........
#.###o..##........
#†###r#####.......
...####..#$.#
#......
....b..@o..##
#####
...)....ob....#
.?.#####b###..# ..
.b. ..# ..... ##
....... #........
#........#


You could see an orc and a friendly orc priest.

Vanquished Creatures
  A sky beast (D:4)
  2 howler monkeys (D:4)
  4 orc wizards
  2 worker ants (D:4)
  Terence (D:2)
  5 gnolls
  10 adders
  A shadow imp (D:5)
  An ooze (D:4)
  4 worms
  2 dart slugs (D:1)
  3 giant geckos
  8 orcs
  8 bats
  5 giant cockroaches
  8 goblins
  11 hobgoblins
  8 jackals (D:3)
  3 kobolds
  3 quokkas
  A ball python (D:2)
  3 giant gecko skeletons
  A giant gecko zombie (D:5)
  4 giant newts
  3 rats
102 creatures vanquished.

Vanquished Creatures (collateral kills)
  An adder (D:5)
  An orc (D:3)
  A quokka (D:5)
  A bat (D:2)
4 creatures vanquished.

Vanquished Creatures (others)
  A worker ant (D:4)
  A gnoll (D:2)
  An adder (D:3)
  An orc (D:3)
4 creatures vanquished.

Grand Total: 110 creatures vanquished

Notes
Turn   | Place    | Note
--------------------------------------------------------------
     0 | D:1      | M4edhros the Octopode Artificer began the quest for the Orb.
     0 | D:1      | Reached XP level 1. HP: 13/13 MP: 3/3
   398 | D:1      | Reached skill level 2 in Stealth
   603 | D:1      | Reached XP level 2. HP: 15/18 MP: 4/4
   691 | D:1      | Reached skill level 3 in Stealth
   793 | D:1      | Reached XP level 3. HP: 10/23 MP: 5/5
  1035 | D:2      | Noticed Terence
  1043 | D:2      | Killed Terence
  1043 | D:2      | Reached skill level 4 in Stealth
  1132 | D:2      | Reached XP level 4. HP: 19/28 MP: 6/6
  1316 | D:2      | Found an oddly glowing altar of Pakellas.
  1316 | D:2      | Found Pakellas's Prime Provisions.
  1404 | D:2      | Reached skill level 5 in Stealth
  1857 | D:3      | Reached XP level 5. HP: 31/33 MP: 7/7
  2066 | D:3      | Reached skill level 6 in Stealth
  2291 | D:3      | Found a glowing golden altar of the Shining One.
  2293 | D:3      | Found an oddly glowing altar of Pakellas.
  2304 | D:3      | Reached XP level 6. HP: 14/38 MP: 8/8
  2570 | D:3      | Reached skill level 7 in Stealth
  2705 | D:3      | Found a shimmering altar of Xom.
  2716 | D:3      | Became a worshipper of Xom the Fickle
  2733 | D:3      | XOM: divination: detect creatures
  3073 | D:3      | XOM: harmless Fire miscast
  3188 | D:4      | Noticed a sky beast
  3196 | D:4      | XOM: harmless Hex miscast
  3219 | D:4      | XOM: harmless Fire miscast
  3229 | D:4      | Killed a sky beast
  3229 | D:4      | Reached skill level 8 in Stealth
  3240 | D:3      | Gained mutation: Scrolls take you a little longer to read. [mutagenic meat]
  3243 | D:3      | Gained mutation: Your body sometimes deteriorates upon taking damage. [mutagenic meat]
  3244 | D:3      | Gained mutation: You regenerate slowly when monsters are visible. [mutagenic meat]
  3245 | D:3      | Gained mutation: Your magical capacity is low (-10% MP). [mutagenic meat]
  3246 | D:3      | Gained mutation: You occasionally shout uncontrollably at your foes. [mutagenic meat]
  3254 | D:3      | Lost mutation: Your body sometimes deteriorates upon taking damage. [potion of cure mutation]
  3254 | D:3      | Lost mutation: Your magical capacity is low (-10% MP). [potion of cure mutation]
  3254 | D:3      | Lost mutation: Scrolls take you a little longer to read. [potion of cure mutation]
  3279 | D:4      | XOM: cast spell 'Summon Small Mammal'
  3281 | D:4      | Reached XP level 7. HP: 15/43 MP: 9/9
  3779 | D:4      | Noticed Vojta's ghost (amateur HEWz)
  3843 | D:3      | XOM: colour smoke trail
  4084 | D:4      | XOM: smoke on damage
  4238 | D:4      | Reached skill level 9 in Stealth
  4551 | D:4      | XOM: cast spell 'Excruciating Wounds'
  4555 | D:4      | XOM: confuse monster(s)
  4580 | D:5      | Entered Level 5 of the Dungeon
  4615 | D:5      | Noticed Eustachio
  4652 | D:5      | XOM: smoke on damage
  4665 | D:5      | XOM: butterfly on damage
  4678 | D:5      | Slain by an orc

Vault maps used:
D:1:      onia_arrival_mini_maze_b, minmay_misc_feat_four_crosses
D:2:      johnstein_pakellas_shop, uniq_terence
D:3:      minmay_door_path, lemuel_doored_altar, minitemple
D:4:      first_bread
D:5:      uniq_eustachio

Skill      XL: |  1  2  3  4  5  6  7 |
---------------+----------------------+-----
Stealth        | 2 3 4 5 6 8 9 |  9.2
Dodging        | 3 4 |  4.8
Fighting       | |  1.0
Short Blades   | |  1.0
Evocations     | |  3.2

Action                   |  1- 3 |  4- 6 |  7- 9 || total
-------------------------+-------+-------+-------++-------
Melee: Short sword       |    57 |    16 |       ||    73
       Halberd           |       |   106 |    60 ||   166
Evoke: Wand              |     1 |    24 |     3 ||    28
  Use: Potion            |       |     9 |     3 ||    12
       Scroll            |       |       |     5 ||     5
 Stab: Sleeping          |     4 |    14 |     2 ||    20
       Distracted        |       |     2 |     1 ||     3
  Eat: Chunk             |     1 |    12 |     3 ||    16
